Workbook
Name _Hlk88555056: 'Escopo de Fornecimento'!$A$6

Sheet Escopo de Fornecimento
B1: Ministério do Desenvolvimento Regional - MDR
B2: Companhia do Desenvolvimento dos Vales do São Francisco e Parnaíba
B3: Codevasf - Brasília
A7: Objeto: Modernização da comporta da Jansen em São Luís/MA
A11: Valores com o BDI inclusos e preços sinapi junho/22
A12: ESCOPO DE FORNECIMENTO E SERVIÇOS
A14: 1 | B14: RECUPERAÇÃO DA INFRAESTRUTURA EXISTENTE, FORNECIMENTO E MONTAGEM DE COMPORTA E COMPLETO ACIONAMENTO
E15: DESONERADO C/BDI | G15: NÃO DESONERADO C/BDI
A16: Item | B16: Descrição | C16: Unid. | D16: Qtd | E16: Vlr Unitário | F16: Vlr Total | G16: Vlr Unitário | H16: Vlr Total
A17: FORNECIMENTO
A18: 1.2 | B18: Comporta deslizante em aço inoxidável 4 x 3 m, ítem 3.2.2 do T.R. | C18: unid. | D18: 1 | E18: =COTAÇÕES!K11 -> 1020433.3 | F18: =D18*E18 -> 1020433.3 | G18: =COTAÇÕES!L11 -> 1020433.3 | H18: =D18*G18 -> 1020433.3
A19: 1.3 | B19: Cilindro Hidráulico para acionamento da comporta, ítem 3.2.3.2 do T.R. | C19: unid. | D19: 1 | E19: =COTAÇÕES!K13 -> 112700 | F19: =D19*E19 -> 112700 | G19: =COTAÇÕES!L13 -> 112700 | H19: =D19*G19 -> 112700
A20: 1.4 | B20: Unidade Oleodinâmica para acionar o cilindro hidraúlico ítem 3.2.3.1 do T.R. | C20: unid. | D20: 1 | E20: =COTAÇÕES!K15 -> 370185 | F20: =E20*D20 -> 370185 | G20: =COTAÇÕES!L15 -> 370185 | H20: =G20*D20 -> 370185
A21: 1.5 | B21: Quadro de Comando Local ítem 3.2.4 do T.R. | C21: unid. | D21: 1 | E21: =COTAÇÕES!K17 -> 106950 | F21: =E21*D21 -> 106950 | G21: =COTAÇÕES!L17 -> 106950 | H21: =G21*D21 -> 106950
A22: 1.6 | B22: Sensor de Nível ultrassônico alcance 20 metros | C22: unid. | D22: 2 | E22: =COTAÇÕES!K19 -> 17250 | F22: =D22*E22 -> 34500 | G22: =COTAÇÕES!L19 -> 17250 | H22: =G22*D22 -> 34500
A23: 1.7 | B23: Licensa software Elipse | C23: unid. | D23: 1 | E23: =COTAÇÕES!K21 -> 156400 | F23: =E23*D23 -> 156400 | G23: =COTAÇÕES!L21 -> 156400 | H23: =G23*D23 -> 156400
A24: SERVIÇOS
A25: 1.8 | B25: Serviços de recuperação da infraestrutura existente, ítem 3.1.3 do T.R. | C25: unid. | D25: 1 | E25: ='CPU - ITEM 1'!K29 -> 269097.88 | F25: =E25*D25 -> 269097.88 | G25: ='CPU - ITEM 1'!L29 -> 290421.36 | H25: =D25*G25 -> 290421.36
A26: 1.9 | B26: Substituição da comporta, montagem do acionamento e testes | C26: unid. | D26: 1 | E26: ='CPU - ITEM 1'!K46 -> 415095.15 | F26: =D26*E26 -> 415095.15 | G26: ='CPU - ITEM 1'!L46 -> 443713.2 | H26: =G26*D26 -> 443713.2
A27: 1.10 | B27: Montagem do Painél de Comando, comissionamento e start up local | C27: unid. | D27: 1.5 | E27: ='CPU - ITEM 1'!K55 -> 79490.81 | F27: =E27*D27 -> 119236.22 | G27: ='CPU - ITEM 1'!L55 -> 85966.72 | H27: =G27*D27 -> 128950.08
A28: 1.11 | B28: Desenvolvimento de Software de Gerenciamento | C28: unid. | D28: 2 | E28: ='CPU - ITEM 1'!K63 -> 69658.225 | F28: =E28*D28 -> 139316.45 | G28: ='CPU - ITEM 1'!L63 -> 75936 | H28: =G28*D28 -> 151872
B30: TOTAL DOS SERVIÇOS E FORNECIMENTOS | F30: =SUM(F17:F28) -> 2743914 | H30: =SUM(H17:H28) -> 2816125
A33: 2 | B33: TELECOM
E34: DESONERADO C/BDI | G34: NÃO DESONERADO C/BDI
A35: Item | B35: Descrição | C35: Unid. | D35: Qtd | E35: Vlr Unitário | F35: Vlr Total | G35: Vlr Unitário | H35: Vlr Total
B36: FORNECIMENTO
A37: 2.1 | B37: Torre de comunicação de 15m conforme item 3.3.1.2 do T.R. | C37: unid. | D37: 2 | E37: =COTAÇÕES!K23 -> 93868.75 | F37: =E37*D37 -> 187737.5 | G37: =COTAÇÕES!L23 -> 93868.75 | H37: =D37*G37 -> 187737.5
A38: 2.2 | B38: Poste 4 x 4 m antivandalismo para suporte sensor de nível | C38: unid. | D38: 2 | E38: =COTAÇÕES!K25 -> 39509.4 | F38: =E38*D38 -> 79018.8 | G38: =COTAÇÕES!L25 -> 39509.4 | H38: =D38*G38 -> 79018.8
A39: 2.3 | B39: Painél tipo Rack Telecon, ventilação, IP 66, IP 67, resistência marinha | C39: unid. | D39: 2 | E39: =COTAÇÕES!K27 -> 10772.805 | F39: =D39*E39 -> 21545.61 | G39: =COTAÇÕES!L27 -> 10772.805 | H39: =D39*G39 -> 21545.61
A40: 2.4 | B40: Rádio PTP de 5Ghz | C40: unid. | D40: 2 | E40: =COTAÇÕES!K29 -> 43079 | F40: =D40*E40 -> 86158 | G40: =COTAÇÕES!L29 -> 43079 | H40: =D40*G40 -> 86158
A41: 2.5 | B41: Câmera espeed Dome PTZ, zoom ótico 32x, CMOS de 1/1.8", infravermelho 200m | C41: unid. | D41: 3 | E41: =COTAÇÕES!K31 -> 20700 | F41: =E41*D41 -> 62100 | G41: =COTAÇÕES!L31 -> 20700 | H41: =G41*D41 -> 62100
A42: 2.6 | B42: Workstation para servidor elipse e cameras, windows 10, sata de 4 TB, etc | C42: unid. | D42: 1 | E42: =COTAÇÕES!K33 -> 40250 | F42: =E42*D42 -> 40250 | G42: =COTAÇÕES!L33 -> 40250 | H42: =G42*D42 -> 40250
A43: 2.7 | B43: No Break tipo torre 220V/ 2.200VA, dysplay informativo, comunicação ethernet | C43: unid. | D43: 4 | E43: =COTAÇÕES!K35 -> 11087.253 | F43: =E43*D43 -> 44349.014 | G43: =COTAÇÕES!L35 -> 11087.253 | H43: =G43*D43 -> 44349.014
A44: 2.8 | B44: CX de Cabo LAN CAT 6 F/UTP 4p x 23AWG – 305 metros – ANSI/TIA-568.2-D | C44: unid. | D44: 2 | E44: =COTAÇÕES!K37 -> 3737.5 | F44: =E44*D44 -> 7475 | G44: =COTAÇÕES!L37 -> 3737.5 | H44: =G44*D44 -> 7475
A45: 2.9 | B45: Bobina 500m Cabo maritimo blindado,não halogêno,antichama,condutor dreno flexivel | C45: Unid. | D45: 1 | E45: =COTAÇÕES!K39 -> 14375 | F45: =E45*D45 -> 14375 | G45: =COTAÇÕES!L39 -> 14375 | H45: =G45*D45 -> 14375
B46: SERVIÇOS
A47: 2.9 | B47: Estudo de Enlace | C47: unid. | D47: 1 | E47: ='CPU - ITEM 2'!K16 -> 69658.225 | F47: =D47*E47 -> 69658.225 | G47: ='CPU - ITEM 2'!L16 -> 75936 | H47: =G47*D47 -> 75936
A48: 2.10 | B48: Montagem da torre e equipamentos (laguna Jansen) | C48: unid. | D48: 1 | E48: ='CPU - ITEM 2'!K33 -> 156668.86 | F48: =D48*E48 -> 156668.86 | G48: ='CPU - ITEM 2'!L33 -> 170369.36 | H48: =G48*D48 -> 170369.36
A49: 2.11 | B49: Montagem da torre e equipamentos (edificio SINFRA) | C49: unid. | D49: 1 | E49: ='CPU - ITEM 2'!K49 -> 204968.83 | F49: =D49*E49 -> 204968.83 | G49: ='CPU - ITEM 2'!L49 -> 223331.92 | H49: =G49*D49 -> 223331.92
A50: 2.12 | B50: Interligação, comissionamento e star-up Torre Laguna Jansen com Painél | C50: unid. | D50: 1 | E50: ='CPU - ITEM 2'!K59 -> 147530.98 | F50: =D50*E50 -> 147530.98 | G50: ='CPU - ITEM 2'!L59 -> 161831.04 | H50: =G50*D50 -> 161831.04
A51: 2.13 | B51: Interligação, comissionamento e star-up Torre SINFRA com servidor | C51: unid. | D51: 1 | E51: ='CPU - ITEM 2'!K69 -> 147530.98 | F51: =D51*E51 -> 147530.98 | G51: ='CPU - ITEM 2'!L69 -> 161831.04 | H51: =G51*D51 -> 161831.04
A52: 2.14 | B52: Montagem de poste antivandalismo 4 x 4 m com equipamentos | C52: unid. | D52: 2 | E52: ='CPU - ITEM 2'!K81 -> 49594.405 | F52: =D52*E52 -> 99188.81 | G52: ='CPU - ITEM 2'!L81 -> 54308.8 | H52: =G52*D52 -> 108617.6
A53: 2.15 | B53: Interligação Sensor de nível do mar ao painél de comando | C53: unid. | D53: 1 | E53: ='CPU - ITEM 2'!K90 -> 21850.71 | F53: =D53*E53 -> 21850.71 | G53: ='CPU - ITEM 2'!L90 -> 24001.6 | H53: =G53*D53 -> 24001.6
A54: 2.16 | B54: Interligação Sensor de nível da Laguna Jansen ao painél de comando | C54: unid. | D54: 1 | E54: ='CPU - ITEM 2'!K101 -> 53602.01 | F54: =D54*E54 -> 53602.01 | G54: ='CPU - ITEM 2'!L101 -> 58723.84 | H54: =G54*D54 -> 58723.84
A55: 2.17 | B55: Start up TELECOM | C55: unid. | D55: 1 | E55: ='CPU - ITEM 2'!K115 -> 107307.2 | F55: =D55*E55 -> 107307.2 | G55: ='CPU - ITEM 2'!L115 -> 201113.92 | H55: =G55*D55 -> 201113.92
B57: TOTAL DOS SERVIÇOS E FORNECIMENTOS | F57: =SUM(F37:F55) -> 1551315.5 | H57: =SUM(H37:H55) -> 1728765.2
B59: TOTAL DOS SERVIÇOS E FORNECIMENTOS | H59: =H57+H30 -> 4544890.2

Sheet CPU - ITEM 1
C1: Ministério do Desenvolvimento Regional - MDR
C2: Companhia do Desenvolvimento dos Vales do São Francisco e Parnaíba
C3: Codevasf - Brasília
A6: MODERNIZAÇÃO DA COMPORTA DA JANSEN
A7: *SINAPI MA jul/22
A8: 1 - SERVIÇOS DE RECUPERAÇÃO, FORNECIMENTO E MONTAGEM DE COMPORTA COM ACIONAMENTO, ITEM 3.2 DO T.R.
A10: Ítem | B10: Sinapi | C10: Discriminação | D10: Unidade | E10: Valor Unitário (R$) | G10: Valor unitário com BDI (R$) | I10: Quantidade | K10: Valor total com BDI (R$)
A11: 1.8 | C11: RECUPERAÇÃO DA INFRAESTRUTURA ITEM 3.1.3 DO T.R. | E11: Desonerado | F11: Onerado | G11: Desonerado | H11: Onerado | K11: Desonerado | L11: Onerado
C12: MÃO-DE-OBRA
A13: 1.8.1 | B13: 90779 | C13: ENGENHEIRO CIVIL RESPONSÁVEL PELA OBRA | D13: H | E13: 137.38 | F13: 158.83 | G13: =E13*(1+BDI!D34) -> 184.0892 | H13: =F13*(1+BDI!D35) -> 203.3024 | I13: 525 | J13: horas | K13: =G13*I13 -> 96646.83 | L13: =H13*I13 -> 106733.76
A14: 1.8.2 | B14: 88278 | C14: MONTADOR DE ESTRUTURAS METÁLICAS | D14: H | E14: 15.71 | F14: 17.85 | G14: =E14*(1+BDI!D34) -> 21.0514 | H14: =F14*(1+BDI!D35) -> 22.848 | I14: 525 | J14: horas | K14: =G14*I14 -> 11051.985 | L14: =H14*I14 -> 11995.2
A15: 1.8.3 | B15: 88240 | C15: AJUDANTE DE ESTRUTURAS METALICAS | D15: H | E15: 11.6 | F15: 13.1 | G15: =E15*(1+BDI!D34) -> 15.544 | H15: =F15*(1+BDI!D35) -> 16.768 | I15: 525 | J15: horas | K15: =G15*I15 -> 8160.6 | L15: =H15*I15 -> 8803.2
A16: 1.8.4 | B16: 88265 | C16: ELETRICISTA DE MANUTENÇÃO INDUSTRIAL | D16: H | E16: 19.09 | F16: 21.59 | G16: =E16*(1+BDI!D34) -> 25.5806 | H16: =F16*(1+BDI!D35) -> 27.6352 | I16: 525 | J16: horas | K16: =G16*I16 -> 13429.815 | L16: =H16*I16 -> 14508.48
A17: 1.8.5 | B17: 88317 | C17: SOLDADOR | D17: H | E17: 19.57 | F17: 22.02 | G17: =E17*(1+BDI!D34) -> 26.2238 | H17: =F17*(1+BDI!D35) -> 28.1856 | I17: 525 | J17: horas | K17: =G17*I17 -> 13767.495 | L17: =H17*I17 -> 14797.44
A18: 1.8.6 | B18: 88272 | C18: MAÇARIQUEIRO | D18: H | E18: 19.24 | F18: 21.65 | G18: =E18*(1+BDI!D34) -> 25.7816 | H18: =F18*(1+BDI!D35) -> 27.712 | I18: 525 | J18: horas | K18: =G18*I18 -> 13535.34 | L18: =H18*I18 -> 14548.8
A19: 1.8.7 | B19: 88279 | C19: MONTADOR ELETROMECÂNICO | D19: H | E19: 23.35 | F19: 26.52 | G19: =E19*(1+BDI!D34) -> 31.289 | H19: =F19*(1+BDI!D35) -> 33.9456 | I19: 525 | J19: horas | K19: =G19*I19 -> 16426.725 | L19: =H19*I19 -> 17821.44
A20: 1.8.8 | B20: 88243 | C20: AJUDANTE ESPECIALIZADO | D20: H | E20: 15.02 | F20: 16.89 | G20: =E20*(1+BDI!D34) -> 20.1268 | H20: =F20*(1+BDI!D35) -> 21.6192 | I20: 525 | J20: horas | K20: =G20*I20 -> 10566.57 | L20: =H20*I20 -> 11350.08
A21: 1.8.9 | B21: 88309 | C21: PEDREIRO | D21: H | E21: 18.87 | F21: 21.34 | G21: =E21*(1+BDI!D34) -> 25.2858 | H21: =F21*(1+BDI!D35) -> 27.3152 | I21: 525 | J21: horas | K21: =G21*I21 -> 13275.045 | L21: =H21*I21 -> 14340.48
A22: 1.8.10 | B22: 88310 | C22: PINTOR PARA TINTA EPÓXI | D22: H | E22: 19.94 | F22: 22.4 | G22: =E22*(1+BDI!D34) -> 26.7196 | H22: =F22*(1+BDI!D35) -> 28.672 | I22: 525 | J22: horas | K22: =G22*I22 -> 14027.79 | L22: =H22*I22 -> 15052.8
A23: 1.8.11 | B23: 100309 | C23: TÉCNICO SEGURANÇA DO TRABALHO | D23: H | E23: 23.14 | F23: 26.54 | G23: =E23*(1+BDI!D34) -> 31.0076 | H23: =F23*(1+BDI!D35) -> 33.9712 | I23: 525 | J23: horas | K23: =G23*I23 -> 16278.99 | L23: =H23*I23 -> 17834.88
A24: 1.8.12 | B24: 100717 | C24: LIXAMENTO MANUAL | D24: M2 | E24: 6.79 | F24: 7.52 | G24: =E24*(1+BDI!D34) -> 9.0986 | H24: =F24*(1+BDI!D35) -> 9.6256 | I24: 437.5 | J24: m² (PERFIS + VIGAS) | K24: =G24*I24 -> 3980.6375 | L24: =H24*I24 -> 4211.2
A25: 1.8.13 | B25: 100721 | C25: PINTURA TIPO ZARCÃO | D25: M2 | E25: 20.3 | F25: 21.59 | G25: =E25*(1+BDI!D34) -> 27.202 | H25: =F25*(1+BDI!D35) -> 27.6352 | I25: 437.5 | J25: m² (PERFIS + VIGAS) | K25: =G25*I25 -> 11900.875 | L25: =H25*I25 -> 12090.4
A26: 1.8.14 | B26: 100757 | C26: PINTURA DE ACABAMENTO | D26: M2 | E26: 39.85 | F26: 42.44 | G26: =E26*(1+BDI!D34) -> 53.399 | H26: =F26*(1+BDI!D35) -> 54.3232 | I26: 437.5 | J26: m² (PERFIS + VIGAS) | K26: =G26*I26 -> 23362.063 | L26: =H26*I26 -> 23766.4
C27: EQUIPAMENTOS
A28: 1.8.15 | B28: 83762 | C28: GRUPO DE SOLDAGEM GERADOR A DIESEL | D28: H | E28: 7.13 | F28: 7.13 | G28: =E28*(1+BDI!D34) -> 9.5542 | H28: =F28*(1+BDI!D35) -> 9.1264 | I28: 281.25 | J28: horas | K28: =G28*I28 -> 2687.1188 | L28: =H28*I28 -> 2566.8
C29: T O T A L | K29: =SUM(K13:K28) -> 269097.88 | L29: =SUM(L13:L28) -> 290421.36
A31: Ítem | B31: Sinapi | C31: Discriminação | D31: Unidade | E31: Valor Unitário (R$) | G31: Valor unitário com BDI (R$) | I31: Quantidade | K31: Valor total com BDI (R$)
A32: 1.9 | C32: SUBSTITUIÇÃO DA COMPORTA, COMISSIONAMENTO, START UP | E32: Desonerado | F32: Onerado | G32: Desonerado | H32: Onerado | K32: Desonerado | L32: Onerado
C33: MÃO-DE-OBRA
A34: 1.9.1 | B34: 90779 | C34: ENGENHEIRO MECÂNICO RESPONSÁVEL PELA OBRA | D34: H | E34: 137.38 | F34: 158.83 | G34: =E34*(1+BDI!D34) -> 184.0892 | H34: =F34*(1+BDI!D35) -> 203.3024 | I34: 875 | J34: horas | K34: =G34*I34 -> 161078.05 | L34: =H34*I34 -> 177889.6
A35: 1.9.2 | B35: 88278 | C35: MONTADOR DE ESTRUTURAS METÁLICAS | D35: H | E35: 15.71 | F35: 17.85 | G35: =E35*(1+BDI!D34) -> 21.0514 | H35: =F35*(1+BDI!D35) -> 22.848 | I35: 875 | J35: horas | K35: =G35*I35 -> 18419.975 | L35: =H35*I35 -> 19992
A36: 1.9.3 | B36: 88240 | C36: AJUDANTE DE ESTRUTURAS METALICAS | D36: H | E36: 11.6 | F36: 13.1 | G36: =E36*(1+BDI!D34) -> 15.544 | H36: =F36*(1+BDI!D35) -> 16.768 | I36: 875 | J36: horas | K36: =G36*I36 -> 13601 | L36: =H36*I36 -> 14672
A37: 1.9.4 | B37: 88265 | C37: ELETRICISTA DE MANUTENÇÃO INDUSTRIAL | D37: H | E37: 19.09 | F37: 21.59 | G37: =E37*(1+BDI!D34) -> 25.5806 | H37: =F37*(1+BDI!D35) -> 27.6352 | I37: 875 | J37: horas | K37: =G37*I37 -> 22383.025 | L37: =H37*I37 -> 24180.8
A38: 1.9.5 | B38: 88279 | C38: MONTADOR ELETROMECÂNICO | D38: H | E38: 23.35 | F38: 26.52 | G38: =E38*(1+BDI!D34) -> 31.289 | H38: =F38*(1+BDI!D35) -> 33.9456 | I38: 875 | J38: horas | K38: =G38*I38 -> 27377.875 | L38: =H38*I38 -> 29702.4
A39: 1.9.6 | B39: 88317 | C39: SOLDADOR | D39: H | E39: 19.57 | F39: 22.02 | G39: =E39*(1+BDI!D34) -> 26.2238 | H39: =F39*(1+BDI!D35) -> 28.1856 | I39: 875 | J39: horas | K39: =G39*I39 -> 22945.825 | L39: =H39*I39 -> 24662.4
A40: 1.9.7 | B40: 88272 | C40: MAÇARIQUEIRO | D40: H | E40: 19.24 | F40: 21.65 | G40: =E40*(1+BDI!D34) -> 25.7816 | H40: =F40*(1+BDI!D35) -> 27.712 | I40: 875 | J40: horas | K40: =G40*I40 -> 22558.9 | L40: =H40*I40 -> 24248
A41: 1.9.8 | B41: 88243 | C41: AJUDANTE ESPECIALIZADO | D41: H | E41: 15.02 | F41: 16.89 | G41: =E41*(1+BDI!D34) -> 20.1268 | H41: =F41*(1+BDI!D35) -> 21.6192 | I41: 875 | J41: horas | K41: =G41*I41 -> 17610.95 | L41: =H41*I41 -> 18916.8
A42: 1.9.9 | B42: 100309 | C42: TÉCNICO SEGURANÇA DO TRABALHO | D42: H | E42: 23.14 | F42: 26.54 | G42: =E42*(1+BDI!D34) -> 31.0076 | H42: =F42*(1+BDI!D35) -> 33.9712 | I42: 875 | J42: horas | K42: =G42*I42 -> 27131.65 | L42: =H42*I42 -> 29724.8
C43: EQUIPAMENTOS
A44: 1.9.10 | B44: 83762 | C44: GRUPO DE SOLDAGEM GERADOR A DIESEL | D44: H | E44: 7.13 | F44: 7.13 | G44: =E44*(1+BDI!D34) -> 9.5542 | H44: =F44*(1+BDI!D35) -> 9.1264 | I44: 375 | J44: horas | K44: =G44*I44 -> 3582.825 | L44: =H44*I44 -> 3422.4
A45: 1.9.11 | B45: 89272 | C45: GUINDASTE HUDRÁULICO 30 T LANÇA TELESCOPICA | D45: H | E45: 208.04 | F45: 211.95 | G45: =E45*(1+BDI!D34) -> 278.7736 | H45: =F45*(1+BDI!D35) -> 271.296 | I45: 281.25 | J45: horas | K45: =G45*I45 -> 78405.075 | L45: =H45*I45 -> 76302
C46: T O T A L | K46: =SUM(K34:K45) -> 415095.15 | L46: =SUM(L34:L45) -> 443713.2
A48: Ítem | B48: Sinapi | C48: Discriminação | D48: Unidade | E48: Valor Unitário (R$) | G48: Valor unitário com BDI (R$) | I48: Quantidade | K48: Valor total com BDI (R$)
A49: 1.10 | C49: MONTAGEM, COMISSIONAMENTO E STAR-UP PAINÉL DE COMANDO | E49: Desonerado | F49: Onerado | G49: Desonerado | H49: Onerado | K49: Desonerado | L49: Onerado
C50: MÃO-DE-OBRA
A51: 1.10.1 | B51: 88266 | C51: ELETROTÉCNICO | D51: H | E51: 21.79 | F51: 24.71 | G51: =E51*(1+BDI!D34) -> 29.1986 | H51: =F51*(1+BDI!D35) -> 31.6288 | I51: 875 | J51: horas | K51: =G51*I51 -> 25548.775 | L51: =H51*I51 -> 27675.2
A52: 1.10.2 | B52: 88279 | C52: MONTADOR ELETROMECÂNICO | D52: H | E52: 23.35 | F52: 26.52 | G52: =E52*(1+BDI!D34) -> 31.289 | H52: =F52*(1+BDI!D35) -> 33.9456 | I52: 875 | J52: horas | K52: =G52*I52 -> 27377.875 | L52: =H52*I52 -> 29702.4
A53: 1.10.3 | B53: 88243 | C53: AJUDANTE ESPECIALIZADO | D53: H | E53: 15.02 | F53: 16.89 | G53: =E53*(1+BDI!D34) -> 20.1268 | H53: =F53*(1+BDI!D35) -> 21.6192 | I53: 875 | J53: horas | K53: =G53*I53 -> 17610.95 | L53: =H53*I53 -> 18916.8
A54: 1.10.4 | B54: 88265 | C54: ELETRICISTA DE MANUTENÇÃO INDUSTRIAL | D54: H | E54: 19.09 | F54: 21.59 | G54: =E54*(1+BDI!D34) -> 25.5806 | H54: =F54*(1+BDI!D35) -> 27.6352 | I54: 350 | J54: horas | K54: =G54*I54 -> 8953.21 | L54: =H54*I54 -> 9672.32
C55: T O T A L | K55: =SUM(K51:K54) -> 79490.81 | L55: =SUM(L51:L54) -> 85966.72
A57: Ítem | B57: Sinapi | C57: Discriminação | D57: Unidade | E57: Valor Unitário (R$) | G57: Valor unitário com BDI (R$) | I57: Quantidade | K57: Valor total com BDI (R$)
A58: 1.11 | C58: DESENVOLVIMENTO SOFTWARE GERENCIAMENTO | E58: Desonerado | F58: Onerado | G58: Desonerado | H58: Onerado | K58: Desonerado | L58: Onerado
C59: MÃO-DE-OBRA
A60: 1.11.1 | B60: 88266 | C60: ELETROTÉCNICO ESPECIALIZADO SOFTWARE | D60: H | E60: 21.79 | F60: 24.71 | G60: =E60*(1+BDI!D34) -> 29.1986 | H60: =F60*(1+BDI!D35) -> 31.6288 | I60: 875 | J60: horas | K60: =G60*I60 -> 25548.775 | L60: =H60*I60 -> 27675.2
A61: 1.11.2 | B61: 88255 | C61: AUXILIAR TÉCNICO DE ENGENHARIA | D61: H | E61: 21.05 | F61: 24.14 | G61: =E61*(1+BDI!D34) -> 28.207 | H61: =F61*(1+BDI!D35) -> 30.8992 | I61: 875 | J61: horas | K61: =G61*I61 -> 24681.125 | L61: =H61*I61 -> 27036.8
A62: 1.11.3 | B62: 90775 | C62: DESENHISTA PROJETISTA | D62: H | E62: 16.57 | F62: 18.95 | G62: =E62*(1+BDI!D34) -> 22.2038 | H62: =F62*(1+BDI!D35) -> 24.256 | I62: 875 | J62: horas | K62: =G62*I62 -> 19428.325 | L62: =H62*I62 -> 21224
C63: T O T A L | K63: =SUM(K60:K62) -> 69658.225 | L63: =SUM(L60:L62) -> 75936

Sheet CPU - ITEM 2
C1: Ministério do Desenvolvimento Regional - MDR
C2: Companhia do Desenvolvimento dos Vales do São Francisco e Parnaíba
C3: Codevasf - Brasília
A6: MODERNIZAÇÃO DA COMPORTA DA JANSEN
A7: *SINAPI MA jul/22
A8: 2 - TELECOM
A10: Ítem | B10: Sinapi | C10: Discriminação | D10: Unidade | E10: Valor Unitário (R$) | G10: Valor unitário com BDI (R$) | I10: Quantidade | K10: Valor total com BDI (R$)
A11: 2.9 | C11: ESTUDO DE ENLACE | E11: Desonerado | F11: Onerado | G11: Desonerado | H11: Onerado | K11: Desonerado | L11: Onerado
C12: MÃO-DE-OBRA
A13: 2.9.1 | B13: 88266 | C13: ELETROTÉCNICO ESPECIALIZADO SOFTWARE | D13: H | E13: 21.79 | F13: 24.71 | G13: =E13*(1+BDI!D34) -> 29.1986 | H13: =F13*(1+BDI!D35) -> 31.6288 | I13: 875 | J13: horas | K13: =G13*I13 -> 25548.775 | L13: =H13*I13 -> 27675.2
A14: 2.9.2 | B14: 88255 | C14: AUXILIAR TÉCNICO DE ENGENHARIA | D14: H | E14: 21.05 | F14: 24.14 | G14: =E14*(1+BDI!D34) -> 28.207 | H14: =F14*(1+BDI!D35) -> 30.8992 | I14: 875 | J14: horas | K14: =G14*I14 -> 24681.125 | L14: =H14*I14 -> 27036.8
A15: 2.9.3 | B15: 90775 | C15: DESENHISTA PROJETISTA | D15: H | E15: 16.57 | F15: 18.95 | G15: =E15*(1+BDI!D34) -> 22.2038 | H15: =F15*(1+BDI!D35) -> 24.256 | I15: 875 | J15: horas | K15: =G15*I15 -> 19428.325 | L15: =H15*I15 -> 21224
C16: T O T A L | K16: =SUM(K13:K15) -> 69658.225 | L16: =SUM(L13:L15) -> 75936
A18: Ítem | B18: Sinapi | C18: Discriminação | D18: Unidade | E18: Valor Unitário (R$) | G18: Valor unitário com BDI (R$) | I18: Quantidade | K18: Valor total com BDI (R$)
A19: 2.10 | C19: MONTAGEM DA TORRE 15m E EQUIPAMENTOS (LAGUNA JANSEN) | E19: Desonerado | F19: Onerado | G19: Desonerado | H19: Onerado | K19: Desonerado | L19: Onerado
C20: MÃO-DE-OBRA
A21: 2.10.1 | B21: 100302 | C21: COORDENADOR | D21: H | E21: 128.5 | F21: 148.56 | G21: =E21*(1+BDI!D34) -> 172.19 | H21: =F21*(1+BDI!D35) -> 190.1568 | I21: 525 | J21: horas | K21: =G21*I21 -> 90399.75 | L21: =H21*I21 -> 99832.32
A22: 2.10.2 | B22: 88278 | C22: MONTADOR DE ESTRUTURAS METÁLICAS | D22: H | E22: 15.71 | F22: 17.85 | G22: =E22*(1+BDI!D34) -> 21.0514 | H22: =F22*(1+BDI!D35) -> 22.848 | I22: 350 | J22: horas | K22: =G22*I22 -> 7367.99 | L22: =H22*I22 -> 7996.8
A23: 2.10.3 | B23: 88240 | C23: AJUDANTE DE ESTRUTURAS METALICAS | D23: H | E23: 11.6 | F23: 13.1 | G23: =E23*(1+BDI!D34) -> 15.544 | H23: =F23*(1+BDI!D35) -> 16.768 | I23: 350 | J23: horas | K23: =G23*I23 -> 5440.4 | L23: =H23*I23 -> 5868.8
A24: 2.10.4 | B24: 88265 | C24: ELETRICISTA DE MANUTENÇÃO INDUSTRIAL | D24: H | E24: 19.09 | F24: 21.59 | G24: =E24*(1+BDI!D34) -> 25.5806 | H24: =F24*(1+BDI!D35) -> 27.6352 | I24: 175 | J24: horas | K24: =G24*I24 -> 4476.605 | L24: =H24*I24 -> 4836.16
A25: 2.10.5 | B25: 88279 | C25: MONTADOR ELETROMECÂNICO | D25: H | E25: 23.35 | F25: 26.52 | G25: =E25*(1+BDI!D34) -> 31.289 | H25: =F25*(1+BDI!D35) -> 33.9456 | I25: 175 | J25: horas | K25: =G25*I25 -> 5475.575 | L25: =H25*I25 -> 5940.48
A26: 2.10.6 | B26: 88243 | C26: AJUDANTE ESPECIALIZADO | D26: H | E26: 15.02 | F26: 16.89 | G26: =E26*(1+BDI!D34) -> 20.1268 | H26: =F26*(1+BDI!D35) -> 21.6192 | I26: 350 | J26: horas | K26: =G26*I26 -> 7044.38 | L26: =H26*I26 -> 7566.72
A27: 2.10.7 | B27: 88309 | C27: PEDREIRO | D27: H | E27: 18.87 | F27: 21.34 | G27: =E27*(1+BDI!D34) -> 25.2858 | H27: =F27*(1+BDI!D35) -> 27.3152 | I27: 175 | J27: horas | K27: =G27*I27 -> 4425.015 | L27: =H27*I27 -> 4780.16
A28: 2.10.8 | B28: 88310 | C28: PINTOR PARA TINTA EPÓXI | D28: H | E28: 19.94 | F28: 22.4 | G28: =E28*(1+BDI!D34) -> 26.7196 | H28: =F28*(1+BDI!D35) -> 28.672 | I28: 175 | J28: horas | K28: =G28*I28 -> 4675.93 | L28: =H28*I28 -> 5017.6
A29: 2.10.9 | B29: 100309 | C29: TÉCNICO SEGURANÇA DO TRABALHO | D29: H | E29: 23.14 | F29: 26.54 | G29: =E29*(1+BDI!D34) -> 31.0076 | H29: =F29*(1+BDI!D35) -> 33.9712 | I29: 262.5 | J29: horas | K29: =G29*I29 -> 8139.495 | L29: =H29*I29 -> 8917.44
A30: 2.10.10 | B30: 100717 | C30: LIXAMENTO MANUAL | D30: M2 | E30: 6.79 | F30: 7.52 | G30: =E30*(1+BDI!D34) -> 9.0986 | H30: =F30*(1+BDI!D35) -> 9.6256 | I30: 175 | J30: m² (PERFIS + VIGAS) | K30: =G30*I30 -> 1592.255 | L30: =H30*I30 -> 1684.48
A31: 2.10.11 | B31: 100721 | C31: PINTURA TIPO ZARCÃO | D31: M2 | E31: 20.3 | F31: 21.59 | G31: =E31*(1+BDI!D34) -> 27.202 | H31: =F31*(1+BDI!D35) -> 27.6352 | I31: 218.75 | J31: m² (PERFIS + VIGAS) | K31: =G31*I31 -> 5950.4375 | L31: =H31*I31 -> 6045.2
A32: 2.10.12 | B32: 100757 | C32: PINTURA DE ACABAMENTO | D32: M2 | E32: 39.85 | F32: 42.44 | G32: =E32*(1+BDI!D34) -> 53.399 | H32: =F32*(1+BDI!D35) -> 54.3232 | I32: 218.75 | J32: m² (PERFIS + VIGAS) | K32: =G32*I32 -> 11681.031 | L32: =H32*I32 -> 11883.2
C33: T O T A L | K33: =SUM(K21:K32) -> 156668.86 | L33: =SUM(L21:L32) -> 170369.36
A35: Ítem | B35: Sinapi | C35: Discriminação | D35: Unidade | E35: Valor Unitário (R$) | G35: Valor unitário com BDI (R$) | I35: Quantidade | K35: Valor total com BDI (R$)
A36: 2.11 | C36: MONTAGEM DA TORRE 15m E EQUIPAMENTOS (PRÉDIO SINFRA) | E36: Desonerado | F36: Onerado | G36: Desonerado | H36: Onerado | K36: Desonerado | L36: Onerado
C37: MÃO-DE-OBRA
A38: 2.11.1 | B38: 100302 | C38: COORDENADOR | D38: H | E38: 128.5 | F38: 148.56 | G38: =E38*(1+BDI!D34) -> 172.19 | H38: =F38*(1+BDI!D35) -> 190.1568 | I38: 700 | J38: horas | K38: =G38*I38 -> 120533 | L38: =H38*I38 -> 133109.76
A39: 2.11.2 | B39: 88278 | C39: MONTADOR DE ESTRUTURAS METÁLICAS | D39: H | E39: 15.71 | F39: 17.85 | G39: =E39*(1+BDI!D34) -> 21.0514 | H39: =F39*(1+BDI!D35) -> 22.848 | I39: 525 | J39: horas | K39: =G39*I39 -> 11051.985 | L39: =H39*I39 -> 11995.2
A40: 2.11.3 | B40: 88240 | C40: AJUDANTE DE ESTRUTURAS METALICAS | D40: H | E40: 11.6 | F40: 13.1 | G40: =E40*(1+BDI!D34) -> 15.544 | H40: =F40*(1+BDI!D35) -> 16.768 | I40: 525 | J40: horas | K40: =G40*I40 -> 8160.6 | L40: =H40*I40 -> 8803.2
A41: 2.11.4 | B41: 88265 | C41: ELETRICISTA DE MANUTENÇÃO INDUSTRIAL | D41: H | E41: 19.09 | F41: 21.59 | G41: =E41*(1+BDI!D34) -> 25.5806 | H41: =F41*(1+BDI!D35) -> 27.6352 | I41: 350 | J41: horas | K41: =G41*I41 -> 8953.21 | L41: =H41*I41 -> 9672.32
A42: 2.11.5 | B42: 88279 | C42: MONTADOR ELETROMECÂNICO | D42: H | E42: 23.35 | F42: 26.52 | G42: =E42*(1+BDI!D34) -> 31.289 | H42: =F42*(1+BDI!D35) -> 33.9456 | I42: 350 | J42: horas | K42: =G42*I42 -> 10951.15 | L42: =H42*I42 -> 11880.96
A43: 2.11.6 | B43: 88243 | C43: AJUDANTE ESPECIALIZADO | D43: H | E43: 15.02 | F43: 16.89 | G43: =E43*(1+BDI!D34) -> 20.1268 | H43: =F43*(1+BDI!D35) -> 21.6192 | I43: 525 | J43: horas | K43: =G43*I43 -> 10566.57 | L43: =H43*I43 -> 11350.08
A44: 2.11.7 | B44: 88310 | C44: PINTOR PARA TINTA EPÓXI | D44: H | E44: 19.94 | F44: 22.4 | G44: =E44*(1+BDI!D34) -> 26.7196 | H44: =F44*(1+BDI!D35) -> 28.672 | I44: 175 | J44: horas | K44: =G44*I44 -> 4675.93 | L44: =H44*I44 -> 5017.6
A45: 2.11.8 | B45: 100309 | C45: TÉCNICO SEGURANÇA DO TRABALHO | D45: H | E45: 23.14 | F45: 26.54 | G45: =E45*(1+BDI!D34) -> 31.0076 | H45: =F45*(1+BDI!D35) -> 33.9712 | I45: 350 | J45: horas | K45: =G45*I45 -> 10852.66 | L45: =H45*I45 -> 11889.92
A46: 2.11.9 | B46: 100717 | C46: LIXAMENTO MANUAL | D46: M2 | E46: 6.79 | F46: 7.52 | G46: =E46*(1+BDI!D34) -> 9.0986 | H46: =F46*(1+BDI!D35) -> 9.6256 | I46: 175 | J46: m² (PERFIS + VIGAS) | K46: =G46*I46 -> 1592.255 | L46: =H46*I46 -> 1684.48
A47: 2.11.10 | B47: 100721 | C47: PINTURA TIPO ZARCÃO | D47: M2 | E47: 20.3 | F47: 21.59 | G47: =E47*(1+BDI!D34) -> 27.202 | H47: =F47*(1+BDI!D35) -> 27.6352 | I47: 218.75 | J47: m² (PERFIS + VIGAS) | K47: =G47*I47 -> 5950.4375 | L47: =H47*I47 -> 6045.2
A48: 2.11.11 | B48: 100757 | C48: PINTURA DE ACABAMENTO | D48: M2 | E48: 39.85 | F48: 42.44 | G48: =E48*(1+BDI!D34) -> 53.399 | H48: =F48*(1+BDI!D35) -> 54.3232 | I48: 218.75 | J48: m² (PERFIS + VIGAS) | K48: =G48*I48 -> 11681.031 | L48: =H48*I48 -> 11883.2
C49: T O T A L | K49: =SUM(K38:K48) -> 204968.83 | L49: =SUM(L38:L48) -> 223331.92
A51: Ítem | B51: Sinapi | C51: Discriminação | D51: Unidade | E51: Valor Unitário (R$) | G51: Valor unitário com BDI (R$) | I51: Quantidade | K51: Valor total com BDI (R$)
A52: 2.12 | C52: INTERLIGAÇÃO TORRE/PAINÉL LAGUNA JANSEN | E52: Desonerado | F52: Onerado | G52: Desonerado | H52: Onerado | K52: Desonerado | L52: Onerado
C53: MÃO-DE-OBRA
A54: 2.12.1 | B54: 100302 | C54: COORDENADOR | D54: H | E54: 128.5 | F54: 148.56 | G54: =E54*(1+BDI!D34) -> 172.19 | H54: =F54*(1+BDI!D35) -> 190.1568 | I54: 525 | J54: horas | K54: =G54*I54 -> 90399.75 | L54: =H54*I54 -> 99832.32
A55: 2.12.2 | B55: 88279 | C55: MONTADOR ELETROMECÂNICO | D55: H | E55: 23.35 | F55: 26.52 | G55: =E55*(1+BDI!D34) -> 31.289 | H55: =F55*(1+BDI!D35) -> 33.9456 | I55: 525 | J55: horas | K55: =G55*I55 -> 16426.725 | L55: =H55*I55 -> 17821.44
A56: 2.12.3 | B56: 88243 | C56: AJUDANTE ESPECIALIZADO | D56: H | E56: 15.02 | F56: 16.89 | G56: =E56*(1+BDI!D34) -> 20.1268 | H56: =F56*(1+BDI!D35) -> 21.6192 | I56: 525 | J56: horas | K56: =G56*I56 -> 10566.57 | L56: =H56*I56 -> 11350.08
A57: 2.12.5 | B57: 88266 | C57: ELETROTÉCNICO ESPECIALIZADO SOFTWARE | D57: H | E57: 21.79 | F57: 24.71 | G57: =E57*(1+BDI!D34) -> 29.1986 | H57: =F57*(1+BDI!D35) -> 31.6288 | I57: 525 | J57: horas | K57: =G57*I57 -> 15329.265 | L57: =H57*I57 -> 16605.12
A58: 2.12.6 | B58: 88255 | C58: AUXILIAR TÉCNICO DE ENGENHARIA | D58: H | E58: 21.05 | F58: 24.14 | G58: =E58*(1+BDI!D34) -> 28.207 | H58: =F58*(1+BDI!D35) -> 30.8992 | I58: 525 | J58: horas | K58: =G58*I58 -> 14808.675 | L58: =H58*I58 -> 16222.08
C59: T O T A L | K59: =SUM(K54:K58) -> 147530.98 | L59: =SUM(L54:L58) -> 161831.04
A61: Ítem | B61: Sinapi | C61: Discriminação | D61: Unidade | E61: Valor Unitário (R$) | G61: Valor unitário com BDI (R$) | I61: Quantidade | K61: Valor total com BDI (R$)
A62: 2.13 | C62: INTERLIGAÇÃO TORRE SINFRA COM SERVIDOR | E62: Desonerado | F62: Onerado | G62: Desonerado | H62: Onerado | K62: Desonerado | L62: Onerado
C63: MÃO-DE-OBRA
A64: 2.13.1 | B64: 100302 | C64: COORDENADOR | D64: H | E64: 128.5 | F64: 148.56 | G64: =E64*(1+BDI!D34) -> 172.19 | H64: =F64*(1+BDI!D35) -> 190.1568 | I64: 525 | J64: horas | K64: =G64*I64 -> 90399.75 | L64: =H64*I64 -> 99832.32
A65: 2.13.2 | B65: 88279 | C65: MONTADOR ELETROMECÂNICO | D65: H | E65: 23.35 | F65: 26.52 | G65: =E65*(1+BDI!D34) -> 31.289 | H65: =F65*(1+BDI!D35) -> 33.9456 | I65: 525 | J65: horas | K65: =G65*I65 -> 16426.725 | L65: =H65*I65 -> 17821.44
A66: 2.13.3 | B66: 88243 | C66: AJUDANTE ESPECIALIZADO | D66: H | E66: 15.02 | F66: 16.89 | G66: =E66*(1+BDI!D34) -> 20.1268 | H66: =F66*(1+BDI!D35) -> 21.6192 | I66: 525 | J66: horas | K66: =G66*I66 -> 10566.57 | L66: =H66*I66 -> 11350.08
A67: 2.13.5 | B67: 88266 | C67: ELETROTÉCNICO ESPECIALIZADO SOFTWARE | D67: H | E67: 21.79 | F67: 24.71 | G67: =E67*(1+BDI!D34) -> 29.1986 | H67: =F67*(1+BDI!D35) -> 31.6288 | I67: 525 | J67: horas | K67: =G67*I67 -> 15329.265 | L67: =H67*I67 -> 16605.12
A68: 2.13.6 | B68: 88255 | C68: AUXILIAR TÉCNICO DE ENGENHARIA | D68: H | E68: 21.05 | F68: 24.14 | G68: =E68*(1+BDI!D34) -> 28.207 | H68: =F68*(1+BDI!D35) -> 30.8992 | I68: 525 | J68: horas | K68: =G68*I68 -> 14808.675 | L68: =H68*I68 -> 16222.08
C69: T O T A L | K69: =SUM(K64:K68) -> 147530.98 | L69: =SUM(L64:L68) -> 161831.04
A71: Ítem | B71: Sinapi | C71: Discriminação | D71: Unidade | E71: Valor Unitário (R$) | G71: Valor unitário com BDI (R$) | I71: Quantidade | K71: Valor total com BDI (R$)
A72: 2.14 | C72: MONTAGEM DE POSTE 4 X 4 ANTIVANDALISMO COM EQUIPAMENTOS | E72: Desonerado | F72: Onerado | G72: Desonerado | H72: Onerado | K72: Desonerado | L72: Onerado
C73: MÃO-DE-OBRA
A74: 2.14.1 | B74: 100302 | C74: COORDENADOR | D74: H | E74: 128.5 | F74: 148.56 | G74: =E74*(1+BDI!D34) -> 172.19 | H74: =F74*(1+BDI!D35) -> 190.1568 | I74: 175 | J74: horas | K74: =G74*I74 -> 30133.25 | L74: =H74*I74 -> 33277.44
A75: 2.14.2 | B75: 88278 | C75: MONTADOR DE ESTRUTURAS METÁLICAS | D75: H | E75: 15.71 | F75: 17.85 | G75: =E75*(1+BDI!D34) -> 21.0514 | H75: =F75*(1+BDI!D35) -> 22.848 | I75: 175 | J75: horas | K75: =G75*I75 -> 3683.995 | L75: =H75*I75 -> 3998.4
A76: 2.14.3 | B76: 88240 | C76: AJUDANTE DE ESTRUTURAS METALICAS | D76: H | E76: 11.6 | F76: 13.1 | G76: =E76*(1+BDI!D34) -> 15.544 | H76: =F76*(1+BDI!D35) -> 16.768 | I76: 175 | J76: horas | K76: =G76*I76 -> 2720.2 | L76: =H76*I76 -> 2934.4
A77: 2.14.4 | B77: 88243 | C77: AJUDANTE ESPECIALIZADO | D77: H | E77: 14.68 | F77: 16.51 | G77: =E77*BDI!D72*100 -> 0 | H77: =F77*BDI!D73*100 -> 0 | I77: 175 | J77: horas | K77: =G77*I77 -> 0 | L77: =H77*I77 -> 0
A78: 2.14.5 | B78: 88266 | C78: ELETROTÉCNICO ESPECIALIZADO SOFTWARE | D78: H | E78: 21.79 | F78: 24.71 | G78: =E78*(1+BDI!D34) -> 29.1986 | H78: =F78*(1+BDI!D35) -> 31.6288 | I78: 175 | J78: horas | K78: =G78*I78 -> 5109.755 | L78: =H78*I78 -> 5535.04
A79: 2.14.4 | B79: 88243 | C79: AJUDANTE ESPECIALIZADO | D79: H | E79: 15.02 | F79: 16.89 | G79: =E79*(1+BDI!D34) -> 20.1268 | H79: =F79*(1+BDI!D35) -> 21.6192 | I79: 175 | J79: horas | K79: =G79*I79 -> 3522.19 | L79: =H79*I79 -> 3783.36
A80: 2.10.7 | B80: 88309 | C80: PEDREIRO | D80: H | E80: 18.87 | F80: 21.34 | G80: =E80*(1+BDI!D34) -> 25.2858 | H80: =F80*(1+BDI!D35) -> 27.3152 | I80: 175 | J80: horas | K80: =G80*I80 -> 4425.015 | L80: =H80*I80 -> 4780.16
C81: T O T A L | K81: =SUM(K74:K80) -> 49594.405 | L81: =SUM(L74:L80) -> 54308.8
A83: Ítem | B83: Sinapi | C83: Discriminação | D83: Unidade | E83: Valor Unitário (R$) | G83: Valor unitário com BDI (R$) | I83: Quantidade | K83: Valor total com BDI (R$)
A84: 2.15 | C84: INTERLIGAÇÃO SENSOR NÍVEL MAR AO PAINÉL | E84: Desonerado | F84: Onerado | G84: Desonerado | H84: Onerado | K84: Desonerado | L84: Onerado
C85: MÃO-DE-OBRA
A86: 2.15.1 | B86: 100302 | C86: COORDENADOR | D86: H | E86: 128.5 | F86: 148.56 | G86: =E86*(1+BDI!D34) -> 172.19 | H86: =F86*(1+BDI!D35) -> 190.1568 | I86: 87.5 | J86: horas | K86: =G86*I86 -> 15066.625 | L86: =H86*I86 -> 16638.72
A87: 2.15.2 | B87: 88243 | C87: AJUDANTE ESPECIALIZADO | D87: H | E87: 15.02 | F87: 16.89 | G87: =E87*(1+BDI!D34) -> 20.1268 | H87: =F87*(1+BDI!D35) -> 21.6192 | I87: 87.5 | J87: horas | K87: =G87*I87 -> 1761.095 | L87: =H87*I87 -> 1891.68
A88: 2.15.3 | B88: 88266 | C88: ELETROTÉCNICO ESPECIALIZADO SOFTWARE | D88: H | E88: 21.79 | F88: 24.71 | G88: =E88*(1+BDI!D34) -> 29.1986 | H88: =F88*(1+BDI!D35) -> 31.6288 | I88: 87.5 | J88: horas | K88: =G88*I88 -> 2554.8775 | L88: =H88*I88 -> 2767.52
A89: 2.15.4 | B89: 88255 | C89: AUXILIAR TÉCNICO DE ENGENHARIA | D89: H | E89: 21.05 | F89: 24.14 | G89: =E89*(1+BDI!D34) -> 28.207 | H89: =F89*(1+BDI!D35) -> 30.8992 | I89: 87.5 | J89: horas | K89: =G89*I89 -> 2468.1125 | L89: =H89*I89 -> 2703.68
C90: T O T A L | K90: =SUM(K86:K89) -> 21850.71 | L90: =SUM(L86:L89) -> 24001.6
A92: Ítem | B92: Sinapi | C92: Discriminação | D92: Unidade | E92: Valor Unitário (R$) | G92: Valor unitário com BDI (R$) | I92: Quantidade | K92: Valor total com BDI (R$)
A93: 2.16 | C93: INTERLIGAÇÃO SENSOR NÍVEL LAGUNA JANSENAO PAINÉL | E93: Desonerado | F93: Onerado | G93: Desonerado | H93: Onerado | K93: Desonerado | L93: Onerado
C94: MÃO-DE-OBRA
A95: 2.16.1 | B95: 100302 | C95: COORDENADOR | D95: H | E95: 128.5 | F95: 148.56 | G95: =E95*(1+BDI!D34) -> 172.19 | H95: =F95*(1+BDI!D35) -> 190.1568 | I95: 175 | J95: horas | K95: =G95*I95 -> 30133.25 | L95: =H95*I95 -> 33277.44
A96: 2.16.2 | B96: 88279 | C96: MONTADOR ELETROMECÂNICO | D96: H | E96: 23.35 | F96: 26.52 | G96: =E96*(1+BDI!D34) -> 31.289 | H96: =F96*(1+BDI!D35) -> 33.9456 | I96: 175 | J96: horas | K96: =G96*I96 -> 5475.575 | L96: =H96*I96 -> 5940.48
A97: 2.16.3 | B97: 88243 | C97: AJUDANTE ESPECIALIZADO | D97: H | E97: 15.02 | F97: 16.89 | G97: =E97*(1+BDI!D34) -> 20.1268 | H97: =F97*(1+BDI!D35) -> 21.6192 | I97: 175 | J97: horas | K97: =G97*I97 -> 3522.19 | L97: =H97*I97 -> 3783.36
A98: 2.16.4 | B98: 88309 | C98: PEDREIRO | D98: H | E98: 18.87 | F98: 21.34 | G98: =E98*(1+BDI!D34) -> 25.2858 | H98: =F98*(1+BDI!D35) -> 27.3152 | I98: 175 | J98: horas | K98: =G98*I98 -> 4425.015 | L98: =H98*I98 -> 4780.16
A99: 2.16.5 | B99: 88266 | C99: ELETROTÉCNICO ESPECIALIZADO SOFTWARE | D99: H | E99: 21.79 | F99: 24.71 | G99: =E99*(1+BDI!D34) -> 29.1986 | H99: =F99*(1+BDI!D35) -> 31.6288 | I99: 175 | J99: horas | K99: =G99*I99 -> 5109.755 | L99: =H99*I99 -> 5535.04
A100: 2.16.6 | B100: 88255 | C100: AUXILIAR TÉCNICO DE ENGENHARIA | D100: H | E100: 21.05 | F100: 24.14 | G100: =E100*(1+BDI!D34) -> 28.207 | H100: =F100*(1+BDI!D35) -> 30.8992 | I100: 175 | J100: horas | K100: =G100*I100 -> 4936.225 | L100: =H100*I100 -> 5407.36
C101: T O T A L | K101: =SUM(K95:K100) -> 53602.01 | L101: =SUM(L95:L100) -> 58723.84
A103: Ítem | B103: Sinapi | C103: Discriminação | D103: Unidade | E103: Valor Unitário (R$) | G103: Valor unitário com BDI (R$) | I103: Quantidade | K103: Valor total com BDI (R$)
A104: 2.17 | C104: START UP TELECOM | E104: Desonerado | F104: Onerado | G104: Desonerado | H104: Onerado | K104: Desonerado | L104: Onerado
C105: MÃO-DE-OBRA
A106: 2.17.1 | B106: 90779 | C106: ENGENHEIRO CIVIL RESPONSÁVEL PELA OBRA | D106: H | E106: 137.38 | F106: 158.83 | G106: =E106*(1+BDI!D34) -> 184.0892 | H106: =F106*(1+BDI!D35) -> 203.3024 | I106: 350 | J106: horas | K106: =G106*I106 -> 64431.22 | L106: =H106*I106 -> 71155.84
A107: 2.17.2 | B107: 88278 | C107: MONTADOR DE ESTRUTURAS METÁLICAS | D107: H | E107: 15.71 | F107: 17.85 | G107: =E107*(1+BDI!D34) -> 21.0514 | H107: =F107*(1+BDI!D35) -> 22.848 | I107: 350 | J107: horas | K107: =G107*I107 -> 7367.99 | L107: =H107*I107 -> 7996.8
A108: 2.17.3 | B108: 88240 | C108: AJUDANTE DE ESTRUTURAS METALICAS | D108: H | E108: 11.6 | F108: 13.1 | G108: =E108*(1+BDI!D34) -> 15.544 | H108: =F108*(1+BDI!D35) -> 16.768 | I108: 262.5 | J108: horas | K108: =G108*I108 -> 4080.3 | L108: =H108*I108 -> 4401.6
A109: 2.17.4 | B109: 88265 | C109: ELETRICISTA DE MANUTENÇÃO INDUSTRIAL | D109: H | E109: 19.09 | F109: 21.59 | G109: =E109*(1+BDI!D34) -> 25.5806 | H109: =F109*(1+BDI!D35) -> 27.6352 | I109: 350 | J109: horas | K109: =G109*I109 -> 8953.21 | L109: =H109*I109 -> 9672.32
A110: 2.17.5 | B110: 100302 | C110: COORDENADOR | D110: H | E110: 128.5 | F110: 148.56 | G110: =E110*(1+BDI!D34) -> 172.19 | H110: =F110*(1+BDI!D35) -> 190.1568 | I110: 350 | J110: horas | K110: =G110*I110 -> 60266.5 | L110: =H110*I110 -> 66554.88
A111: 2.17.6 | B111: 88279 | C111: MONTADOR ELETROMECÂNICO | D111: H | E111: 23.35 | F111: 26.52 | G111: =E111*(1+BDI!D34) -> 31.289 | H111: =F111*(1+BDI!D35) -> 33.9456 | I111: 350 | J111: horas | K111: =G111*I111 -> 10951.15 | L111: =H111*I111 -> 11880.96
...

Sheet COTAÇÕES
D1: Ministério do Desenvolvimento Regional - MDR
D2: Companhia do Desenvolvimento dos Vales do São Francisco e Parnaíba
D3: Codevasf - Brasília
A7: Cotações - Equipamentos e materiais /Laguna da Jansen
A9: Item | B9: Descrição | C9: Cotação 1 | E9: Cotação 2 | G9: Cotação 3 | I9: Valor Mediana | J9: Valor Médio | K9: Menor valor (mediana/média) c/ BDI DESONERADO | L9: Menor valor (mediana/média) c/ BDI ONERADO | N9: D, Padrão | O9: CV
C10: VALOR | D10: EMPRESA | E10: VALOR | F10: EMPRESA | G10: VALOR | H10: EMPRESA | I10: R$ | J10: R$ | K10: R$ | L10: R$ | Q10: =SUM(L11:L39) -> 2061298
A11: 1.2 | B11: Comporta deslizante em aço inoxidável 4 x 3 m, ítem 3.2.2 do T.R. | C11: 902000 | D11: All Energy Engenharia | E11: 910000 | F11: EBSE ENGENHARIA E SOLUÇÕES | G11: 850000 | H11: HYDROSTEC | I11: =MEDIAN(C11,E11,G11) -> 902000 | J11: =(C11+E11+G11)/3 -> 887333.33 | K11: =MINA(I11,J11)*(1+BDI!I34) -> 1020433.3 | L11: =MINA(I11,J11)*(1+BDI!I35) -> 1020433.3 | N11: =_xlfn.STDEV.P(E11,G11,I11) -> 26599.916 | O11: =N11/J11 -> 0.029977366 | Q11: =L11/$Q$10 -> 0.49504405
A13: 1.3 | B13: Cilindro Hidráulico para acionamento da comporta, ítem 3.2.3.2 do T.R. | C13: 115000 | D13: All Energy Engenharia | E13: 85000 | F13: EBSE ENGENHARIA E SOLUÇÕES | G13: 98000 | H13: HYDROSTEC | I13: =MEDIAN(C13,E13,G13) -> 98000 | J13: =(C13+E13+G13)/3 -> 99333.333 | K13: =MINA(I13,J13)*(1+BDI!I34) -> 112700 | L13: =MINA(I13,J13)*(1+BDI!I35) -> 112700 | N13: =_xlfn.STDEV.P(E13,G13,I13) -> 6128.2588 | O13: =N13/J13 -> 0.06169388 | Q13: =L13/$Q$10 -> 0.054674287
A15: 1.4 | B15: Unidade Oleodinâmica para acionar o cilindro hidraúlico ítem 3.2.3.1 do T.R. | C15: 340000 | D15: All Energy Engenharia | E15: 325700 | F15: EBSE ENGENHARIA E SOLUÇÕES | G15: 300000 | H15: HYDROSTEC | I15: =MEDIAN(C15,E15,G15) -> 325700 | J15: =(C15+E15+G15)/3 -> 321900 | K15: =MINA(I15,J15)*(1+BDI!I34) -> 370185 | L15: =MINA(I15,J15)*(1+BDI!I35) -> 370185 | N15: =_xlfn.STDEV.P(E15,G15,I15) -> 12115.096 | O15: =N15/J15 -> 0.037636211 | Q15: =L15/$Q$10 -> 0.17958829
A17: 1.5 | B17: Quadro de Comando Local ítem 3.2.4 do T.R. | C17: 80000 | D17: All Energy Engenharia | E17: 97000 | F17: EBSE ENGENHARIA E SOLUÇÕES | G17: 102000 | H17: HYDROSTEC | I17: =MEDIAN(C17,E17,G17) -> 97000 | J17: =(C17+E17+G17)/3 -> 93000 | K17: =MINA(I17,J17)*(1+BDI!I34) -> 106950 | L17: =MINA(I17,J17)*(1+BDI!I35) -> 106950 | N17: =_xlfn.STDEV.P(E17,G17,I17) -> 2357.0226 | O17: =N17/J17 -> 0.025344329 | Q17: =L17/$Q$10 -> 0.051884782
A19: 1.6 | B19: Sensor de Nível Ultrassônico, alcance 20 metros | C19: 19000 | D19: All Energy Engenharia | E19: 12000 | F19: EBSE ENGENHARIA E SOLUÇÕES | G19: 15000 | H19: HYDROSTEC | I19: =MEDIAN(C19,E19,G19) -> 15000 | J19: =(C19+E19+G19)/3 -> 15333.333 | K19: =MINA(I19,J19)*(1+BDI!I34) -> 17250 | L19: =MINA(I19,J19)*(1+BDI!I35) -> 17250 | N19: =_xlfn.STDEV.P(E19,G19,I19) -> 1414.2136 | O19: =N19/J19 -> 0.092231319 | Q19: =L19/$Q$10 -> 0.0083685133
A21: 1.7 | B21: Licensa software Elipse *dominio exclusivo de uma empresa | C21: 126000 | D21: Norte Telecomunicações | E21: 136000 | F21: SEG | G21: 146423.48 | H21: VECTOR | I21: =MEDIAN(C21,E21,G21) -> 136000 | J21: =(C21+E21+G21)/3 -> 136141.16 | K21: =MINA(I21,J21)*(1+BDI!I34) -> 156400 | L21: =MINA(I21,J21)*(1+BDI!I35) -> 156400 | N21: =_xlfn.STDEV.P(E21,G21,I21) -> 4913.6756 | O21: =N21/J21 -> 0.036092506 | Q21: =L21/$Q$10 -> 0.07587452
A23: 2.1 | B23: Torre de comunicação completa de 15 metros conforme item 3.3.1.2 do T.R. | C23: =(463910-166400-128000)/2 -> 84755 | D23: ALTALE | E23: =4000+32050+3800+2670+1600+19900 -> 64020 | F23: TORRE NORTE | G23: =4000+43400+5200+3800+2200+37500 -> 96100 | H23: NS AUTOMAÇÃO | I23: =MEDIAN(C23,E23,G23) -> 84755 | J23: =(C23+E23+G23)/3 -> 81625 | K23: =MINA(I23,J23)*(1+BDI!I34) -> 93868.75 | L23: =MINA(I23,J23)*(1+BDI!I35) -> 93868.75 | N23: =_xlfn.STDEV.P(E23,G23,I23) -> 13282.301 | O23: =N23/J23 -> 0.16272344 | Q23: =L23/$Q$10 -> 0.04553866
A25: 2.2 | B25: Poste 4 x 4 m antivandalismo para suporte sensor de nível | C25: =4000+14184+16000 -> 34184 | D25: ALTALE | E25: =4000+9456+1000+19900 -> 34356 | F25: TORRE NORTE | G25: =4000+11820+29600 -> 45420 | H25: NS AUTOMAÇÃO | I25: =MEDIAN(C25,E25,G25) -> 34356 | J25: =(C25+E25+G25)/3 -> 37986.667 | K25: =MINA(I25,J25)*(1+BDI!I34) -> 39509.4 | L25: =MINA(I25,J25)*(1+BDI!I35) -> 39509.4 | N25: =_xlfn.STDEV.P(E25,G25,I25) -> 5215.6196 | O25: =N25/J25 -> 0.13730132 | Q25: =L25/$Q$10 -> 0.019167243
A27: 2.3 | B27: Painél tipo Rack Telecon, ventilação, IP 66, IP 67, resistência marinha | C27: 4900 | D27: Norte Telecomunicações | E27: 10800 | F27: SEG | G27: 12402.97 | H27: VECTOR | I27: =MEDIAN(C27,E27,G27) -> 10800 | J27: =(C27+E27+G27)/3 -> 9367.6567 | K27: =MINA(I27,J27)*(1+BDI!I34) -> 10772.805 | L27: =MINA(I27,J27)*(1+BDI!I35) -> 10772.805 | N27: =_xlfn.STDEV.P(E27,G27,I27) -> 755.6473 | O27: =N27/J27 -> 0.080665564 | Q27: =L27/$Q$10 -> 0.0052262239
A29: 2.4 | B29: Rádio PTP de 5Ghz | C29: 17700 | D29: Norte Telecomunicações | E29: 37460 | F29: SEG | G29: 60858.58 | H29: VECTOR | I29: =MEDIAN(C29,E29,G29) -> 37460 | J29: =(C29+E29+G29)/3 -> 38672.86 | K29: =MINA(I29,J29)*(1+BDI!I34) -> 43079 | L29: =MINA(I29,J29)*(1+BDI!I35) -> 43079 | N29: =_xlfn.STDEV.P(E29,G29,I29) -> 11030.196 | O29: =N29/J29 -> 0.28521802 | Q29: =L29/$Q$10 -> 0.020898967
A31: 2.5 | B31: Câmera espeed Dome PTZ, zoom ótico 32x, CMOS de 1/1.8", infravermelho 200m | C31: 9000 | D31: Norte Telecomunicações | E31: 18000 | F31: SEG | G31: 27643.63 | H31: VECTOR | I31: =MEDIAN(C31,E31,G31) -> 18000 | J31: =(C31+E31+G31)/3 -> 18214.543 | K31: =MINA(I31,J31)*(1+BDI!I34) -> 20700 | L31: =MINA(I31,J31)*(1+BDI!I35) -> 20700 | N31: =_xlfn.STDEV.P(E31,G31,I31) -> 4546.0508 | O31: =N31/J31 -> 0.24958357 | Q31: =L31/$Q$10 -> 0.010042216
A33: 2.6 | B33: Workstation para servidor elipse e cameras, windows 10, sata de 4 TB, etc | C33: 35000 | D33: Norte Telecomunicações | E33: =C33 -> 35000 | F33: SEG | G33: 47125 | H33: VECTOR | I33: =MEDIAN(C33,E33,G33) -> 35000 | J33: =(C33+E33+G33)/3 -> 39041.667 | K33: =MINA(I33,J33)*(1+BDI!I34) -> 40250 | L33: =MINA(I33,J33)*(1+BDI!I35) -> 40250 | N33: =_xlfn.STDEV.P(E33,G33,I33) -> 5715.7798 | O33: =N33/J33 -> 0.14640204 | Q33: =L33/$Q$10 -> 0.019526531
A35: 2.7 | B35: No Break tipo torre 220V/ 2.200VA, dysplay informativo, comunicação ethernet | C35: 2875 | D35: Norte Telecomunicações | E35: 12500 | F35: SEG | G35: 13548.27 | H35: VECTOR | I35: =MEDIAN(C35,E35,G35) -> 12500 | J35: =(C35+E35+G35)/3 -> 9641.09 | K35: =MINA(I35,J35)*(1+BDI!I34) -> 11087.253 | L35: =MINA(I35,J35)*(1+BDI!I35) -> 11087.253 | N35: =_xlfn.STDEV.P(E35,G35,I35) -> 494.15922 | O35: =N35/J35 -> 0.051255534 | Q35: =L35/$Q$10 -> 0.0053787726
A37: 2.8 | B37: CX de Cabo LAN CAT 6 F/UTP 4p x 23AWG – 305 metros – ANSI/TIA-568.2-D | C37: 3000 | D37: Norte Telecomunicações | E37: 3500 | F37: SEG | I37: =MEDIAN(C37,E37) -> 3250 | J37: =(C37+E37+G37)/2 -> 3250 | K37: =MINA(I37,J37)*(1+BDI!I34) -> 3737.5 | L37: =MINA(I37,J37)*(1+BDI!I35) -> 3737.5 | N37: =_xlfn.STDEV.P(E37,G37,I37) -> 125 | O37: =N37/J37 -> 0.038461538 | Q37: =L37/$Q$10 -> 0.0018131779
A39: 2.9 | B39: Bobina 500m Cabo maritimo blindado,não halogêno,antichama,condutor dreno flexivel | C39: 12000 | D39: Norte Telecomunicações | E39: 13000 | F39: SEG | I39: =MEDIAN(C39,E39) -> 12500 | J39: =(C39+E39+G39)/2 -> 12500 | K39: =MINA(I39,J39)*(1+BDI!I34) -> 14375 | L39: =MINA(I39,J39)*(1+BDI!I35) -> 14375 | N39: =_xlfn.STDEV.P(E39,G39,I39) -> 250 | O39: =N39/J39 -> 0.02 | Q39: =L39/$Q$10 -> 0.0069737611
B41: Observação. Fornecimento de torre e poste, incluso: Projeto, a torre/poste, aterramento, balizamento, esteira e transporte)
D44: =(2) -> 2

Sheet BDI
B1: Ministério do Desenvolvimento Regional - MDR
B2: Companhia do Desenvolvimento dos Vales do São Francisco e Parnaíba
B3: Codevasf - Brasília
A7: BDI Serviços | F7: BDI FORNECIMENTO
A9: DETALHAMENTO DO BDI | F9: DETALHAMENTO DO BDI
A10: Serviços desonerados e onerados | F10: FORMECIMENTO sendo os serviços desonerados ou com desoneração
A13: Item | B13: Descrição dos serviços | C13: Valores de Referência (%) | D13: Preço de Venda (%) | F13: Item | G13: Descrição dos serviços | H13: Valores de Referência (%) | I13: Adotado (%)
A15: 1 | B15: Administração Central (Ac) | C15: 3,43% - 4,93% - 6,71% | D15: 0.0493 | F15: 1 | G15: Administração Central (Ac ) | H15: 1,50% - 3,45% - 4,49% | I15: 0.0345
A16: 1.1 | B16: ESCRITÓRIO CENTRAL | F16: 1.1 | G16: ESCRITÓRIO CENTRAL
A17: 1.2 | B17: VIAGENS | F17: 1.2 | G17: VIAGENS
A18: 1.3 | B18: OUTROS | F18: 1.3 | G18: OUTROS
A20: 2 | B20: Impostos e Taxas (I) | D20: =SUM(D21:D24) -> 0.1315 | F20: 2 | G20: Impostos e Taxas ( I ) | I20: =SUM(I21:I24) -> 0.0365
A21: 2.1 | B21: ISS | C21: 0.05 | D21: 0.05 | F21: 2.1 | G21: ISS | H21: - | I21: 0
A22: 2.2 | B22: PIS | C22: de 0,65% a 0,65% | D22: 0.0065 | F22: 2.2 | G22: PIS | H22: 0.0065 | I22: 0.0065
A23: 2.3 | B23: Cofins | C23: de 3,00% a 3,00% | D23: 0.03 | F23: 2.3 | G23: Cofins | H23: 0.03 | I23: 0.03
A24: 2.4 | B24: CPRB | C24: 0 | D24: 0.045 | F24: 2.4 | G24: CPRB
A26: 3 | B26: Garantia e Seguros ( Gs ) | C26: 0,28% - 0,49% - 0,75% | D26: 0.0049 | F26: 3 | G26: Garantia e Seguros ( Gs ) | H26: 0,30% - 0,48% - 0,82% | I26: 0.0048
A28: 4 | B28: Risco ( R ) | C28: 1,0% - 1,39% - 6,71% | D28: 0.0139 | F28: 4 | G28: Risco ( R ) | H28: 0,56 - 0,85% - 0,89% | I28: 0.0085
A30: 4 | B30: Despesas Financeiras (DF) | C30: 0,94% - 0,99% - 1,17% | D30: 0.0099 | F30: 5 | G30: Despesas Financeiras ( Df ) | H30: de 0,85% - 0,85% - 1,11% | I30: 0.0085
A32: 5 | B32: Lucro (L) | C32: 6,74% - 8,04% - 9,40% | D32: 0.0804 | F32: 6 | G32: Lucro ( L ) | H32: de 3,50% - 5,11% - 6,22% | I32: 0.0511
B34: BDI (%) desonerado | D34: =ROUND(((((1+D15+D26+D28)*(1+D30)*(1+D32))/(1-D20))-1),2) -> 0.34 | G34: BDI (%) desonerado | I34: =ROUND((((1+I15+I28+I26)*(1+I30)*(1+I32))/(1-I20))-1,2) -> 0.15
B35: BDI (%) não desonerado | D35: =ROUND(((((1+D15+D26+D28)*(1+D30)*(1+D32))/(1-(D21+D22+D23)))-1),2) -> 0.28 | G35: BDI (%) não desonerado | I35: =ROUND(((((1+I15+I26+I28)*(1+I30)*(1+I32))/(1-(I21+I22+I23)))-1),2) -> 0.15
B37: OBS1: ADOTADO VALOR MÉDIO QUARTIL | G37: OBS1: ADOTADO VALOR 3º QUARTIL
B38: OBS2: Conforme LEI 13.161 /2015: Em orçamento onde optar-se pelos erviços com desoneração/desonerado, deverá ser incluído no CPRB o percentual de 4,5% referente a contribuíção previdenciaária. | G38: OBS2: Conforme LEI 13.161 /2015: Em orçamento onde optar-se pelos erviços com desoneração/desonerado, deverá ser incluído no CPRB o percentual de 4,5% referente a contribuíção previdenciaária.
B39: OBS3:Adotado Construção de redes de abastecimento de água, coleta de esgoto, e construção correlatas | G39: OBS3:Adotado Construção de redes de abastecimento de água, coleta de esgoto, e construção correlatas
B40: OBS4: ISS DE 5% REFERÊNCIADO SÃO LUÍS/MA

Sheet Det.Encargos Sociais
A2: Detalhamento dos Encargos Sociais – Horista e Mensalista – Com desoneração e Sem Desoneração
A3: MARANHÃO | D3: VIGÊNCIA A PARTIR DE 10/2021
C5: COM DESONERAÇÃO | E5: SEM DESONERAÇÃO
A6: DISCRIMINAÇÃO | C6: HORISTA | D6: MENSALISTA | E6: HORISTA | F6: MENSALISTA
C7: % | D7: % | E7: % | F7: %
A8: A | B8: ENCARGOS SOCIAIS BÁSICOS
A9: A1 | B9: INSS | C9: 0 | D9: 0 | E9: 0.2 | F9: 0.2
A10: A2 | B10: SESI | C10: 0.015 | D10: 0.015 | E10: 0.015 | F10: 0.015
A11: A3 | B11: SENAI | C11: 0.01 | D11: 0.01 | E11: 0.01 | F11: 0.01
A12: A4 | B12: INCRA | C12: 0.002 | D12: 0.002 | E12: 0.002 | F12: 0.002
A13: A5 | B13: SEBRAE | C13: 0.006 | D13: 0.006 | E13: 0.006 | F13: 0.006
A14: A6 | B14: Salário Educação | C14: 0.025 | D14: 0.025 | E14: 0.025 | F14: 0.025
A15: A7 | B15: Seguro Contra Acidente de Trabalho | C15: 0.03 | D15: 0.03 | E15: 0.03 | F15: 0.03
A16: A8 | B16: FGTS | C16: 0.08 | D16: 0.08 | E16: 0.08 | F16: 0.08
A17: A9 | B17: SECONCI | C17: 0.01 | D17: 0.01 | E17: 0.01 | F17: 0.01
A18: SUBTOTAL DE “A”: | C18: 0.178 | D18: 0.178 | E18: 0.378 | F18: 0.378
A19: B | B19: ENCARGOS SOCIAIS QUE RECEBEM INCIDÊNCIA DE “A”
A20: B1 | B20: Repouso Semanal Remunerado | C20: 0.1787 | D20: Não incide | E20: 0.1787 | F20: Não incide
A21: B2 | B21: Feriados | C21: 0.0395 | D21: Não incide | E21: 0.0395 | F21: Não incide
A22: B3 | B22: Auxílio-Enfermidade | C22: 0.0085 | D22: 0.0066 | E22: 0.0085 | F22: 0.0066
A23: B4 | B23: 13º Salário | C23: 0.1084 | D23: 0.0833 | E23: 0.1084 | F23: 0.0833
A24: B5 | B24: Licença Paternidade | C24: 0.0007 | D24: 0.0006 | E24: 0.0007 | F24: 0.0006
A25: B6 | B25: Faltas Justificadas | C25: 0.0072 | D25: 0.0056 | E25: 0.0072 | F25: 0.0056
A26: B7 | B26: Dias de Chuva | C26: 0.0148 | D26: Não incide | E26: 0.0148 | F26: Não incide
A27: B8 | B27: Auxílio Acidente de Trabalho | C27: 0.001 | D27: 0.0008 | E27: 0.001 | F27: 0.0008
A28: B9 | B28: Férias Gozadas | C28: 0.0913 | D28: 0.0702 | E28: 0.0913 | F28: 0.0702
A29: B10 | B29: Salário Maternidade | C29: 0.0003 | D29: 0.0002 | E29: 0.0003 | F29: 0.0002
A30: SUBTOTAL DE “B”: | C30: 0.4504 | D30: 0.1673 | E30: 0.4504 | F30: 0.1673
A31: C | B31: ENCARGOS SOCIAIS QUE NÃO RECEBEM INCIDÊNCIA DE “A”
A32: C1 | B32: Aviso Prévio Indenizado | C32: 0.0449 | D32: 0.0346 | E32: 0.0449 | F32: 0.0346
A33: C2 | B33: Aviso Prévio Trabalhado | C33: 0.0011 | D33: 0.0008 | E33: 0.0011 | F33: 0.0008
A34: C3 | B34: Férias Indenizadas | C34: 0.0454 | D34: 0.0349 | E34: 0.0454 | F34: 0.0349
A35: C4 | B35: Depósito Rescisão Sem Justa Causa | C35: 0.0311 | D35: 0.0239 | E35: 0.0311 | F35: 0.0239
A36: C5 | B36: Indenização Adicional | C36: 0.0038 | D36: 0.0029 | E36: 0.0038 | F36: 0.0029
A37: SUBTOTAL DE “C”: | C37: 0.1263 | D37: 0.0971 | E37: 0.1263 | F37: 0.0971
A38: D | B38: REINCIDÊNCIAS DE UM GRUPO SOBRE O OUTRO
A39: D1 | B39: Reincidência de “A” sobre “B” | C39: 0.0802 | D39: 0.0298 | E39: 0.1703 | F39: 0.0632
A40: D2 | B40: Reincidência de Grupo A sobre Aviso Prévio Trabalhado e Reincidência do FGTS sobre Aviso Prévio Indenizado | C40: 0.0038 | D40: 0.0029 | E40: 0.004 | F40: 0.0031
A41: SUBTOTAL DE “D”: | C41: 0.084 | D41: 0.0327 | E41: 0.1743 | F41: 0.0663
A42: TOTAIS DE ENCARGOS SOCIAIS: | C42: 0.8387 | D42: 0.4751 | E42: 1.129 | F42: 0.7087
B44: Fonte: Informação dias de chuva: INMET
